 Dungeon Crawl Stone Soup version 0.31-a0-1074-g0b22e4e0f1 (webtiles) character file.

Game seed: 18199026115287580148

6310 tbh1313 the Basher (level 10, -8/102 HPs)
             Began as an Ogre Berserker on Nov 29, 2023.
             Was a Believer of Trog.
             Mangled by Harold
             ... wielding a +0 halberd
              (17 damage)
             ... on level 10 of the Dungeon.
             The game lasted 00:20:11 (9946 turns).

tbh1313 the Basher (Ogre Berserker)                 Turns: 9946, Time: 00:20:12

Health: -8/102     AC: 11    Str: 27    XL:     10   Next: 95%
Magic:  10/10      EV: 10    Int:  8    God:    Trog [**....]
Gold:   348        SH:  0    Dex:  8    Spells: 9/9 levels left

rFire   . . .        m - +3 mace (holy)
rCold   . . .        (no shield)
rNeg    . . .        v - +2 robe {Will+}
rPois   +            (helmet restricted)
rElec   .            F - +1 cloak {rPois}
rCorr   .            (gloves unavailable)
SInv    .            (boots unavailable)
Will    ++++.        (no amulet)
Stlth   +            q - +4 ring of protection
HPRegen 1.37/turn    c - ring of poison resistance
MPRegen 0.12/turn

%: no passive effects
@: about to teleport, marked, strong-willed, regenerating
A: large, unfitting armour, tough skin 1
a: Renounce Religion, Berserk, Trog's Hand


You were on level 10 of the Dungeon.
You worshipped Trog.
Trog was pleased with you.
You visited 1 branch of the dungeon, and saw 10 of its levels.

You collected 515 gold pieces.
You spent 167 gold pieces at shops.

Inventory:

Hand Weapons
 a - a +1 giant spiked club
 m - a +3 mace of holy wrath (weapon)
 C - a +0 giant club
 G - a +1 flail of protection
Missiles
 f - 20 poisoned darts
 o - 3 boomerangs (quivered)
Armour
 e - +0 acid dragon scales
 v - a +2 robe of willpower (worn)
 F - a +1 cloak of poison resistance (worn)
Jewellery
 c - a ring of poison resistance (right hand)
 q - a +4 ring of protection (left hand)
 D - a ring of magical power
Wands
 l - a wand of quicksilver (18)
 y - a wand of mindburst (10)
 E - a wand of flame (2)
Scrolls
 n - a scroll of poison
 p - a scroll of immolation
 x - 2 scrolls of fog
 B - a scroll of vulnerability
Potions
 d - a potion of magic
 g - a potion of heal wounds
 h - a potion of ambrosia {unknown}
 i - 7 potions of curing
 j - 4 potions of attraction
 k - a potion of mutation
 r - a potion of brilliance {unknown}
 s - a potion of might
 t - 2 potions of haste {unknown}
 u - a potion of berserk rage {unknown}
 w - a potion of resistance {unknown}
 z - 3 potions of lignification {unknown}
 A - a potion of enlightenment {unknown}
 H - a potion of invisibility {unknown}


   Skills:
 - Level 7.0 Fighting
 + Level 13.2 Maces & Flails
 - Level 2.0 Throwing
 + Level 4.0 Armour
 + Level 4.0 Dodging


You had 9 spell levels left.
You didn't know any spells.
Your spell library contained the following spells:

 Spells                   Type           Power      Damage    Failure   Level
 Apportation              Tloc           0%         N/A       41%         1
 Foxfire                  Conj/Fire      0%         2x1d4     41%         1
 Necrotise                Necr           0%         1d4       41%         1
 Slow                     Hex            0%         N/A       41%         1
 Summon Small Mammal      Summ           0%         N/A       41%         1
 Wereblood                Tmut           0%         N/A       54%         2
 Confusing Touch          Hex            0%         N/A       78%         3
 Sigil of Binding         Hex            0%         N/A       78%         3
 Vampiric Draining        Necr           0%         2d6       78%         3
 Irradiate                Conj/Tmut      0%         3d11      100%        5
 Chain Lightning          Conj/Air       0%         N/A       100%        9
 Fire Storm               Conj/Fire      0%         5d1       100%        9
 Shatter                  Erth           0%         3d5*      100%        9


Dungeon Overview and Level Annotations

Branches:
Dungeon (10/15)            Temple (0/1) D:4
   Lair: D:8-11         Orc: D:9-12

Altars:
Elyvilon
Nemelex Xobeh
Uskayaw
Vehumet

Shops:
D:2 =(!   D:5 [

Annotations:
D:10 Harold


Innate Abilities, Weirdness & Mutations

You are too large for most types of armour.
You have tough skin. (AC +1)


Message History

A sentinel's mark forms upon you.
You hear an angry hiss.
A two-headed ogre comes into view. It is wielding two +0 giant clubs.
Harold throws a throwing net.
The throwing net hits you.
You become entangled in the net!
The two-headed ogre moves out of view.
You see here a throwing net.
Your skin crawls.
You feel strong-willed.
Harold hits you from afar with a +0 halberd.
You struggle against the net.
Harold hits you from afar with a +0 halberd!
Okay, then.
The air fills with toxic fumes!
As you read the scroll of poison, it crumbles to dust.
Harold hits you from afar with a +0 halberd!!
You struggle against the net.
The two-headed ogre is poisoned.
The two-headed ogre hits you with a +0 giant club! x2
Harold hits you from afar with a +0 halberd!
You struggle against the net.
Harold barely misses you.
You rip the net and break free!
The two-headed ogre is engulfed in poison gas.
The two-headed ogre looks even sicker.
The two-headed ogre hits you but does no damage.
The two-headed ogre hits you with a +0 giant club!
Harold hits you from afar with a +0 halberd.
* * * LOW HITPOINT WARNING * * *
You thump the two-headed ogre!
The two-headed ogre is moderately wounded.
The two-headed ogre is engulfed in poison gas.
The two-headed ogre looks even sicker.
The two-headed ogre hits you with a +0 giant club!
* * * LOW HITPOINT WARNING * * *
The two-headed ogre barely misses you.
Harold hits you from afar with a +0 halberd.
* * * LOW HITPOINT WARNING * * *
As you read the scroll of teleportation, it crumbles to dust.
You feel strangely unstable.
Harold hits you from afar with a +0 halberd!
You die...
Harold says, "Time to retire."

#.##....#
#......††#
#§....§§#
#.###.##.# #§
#§§#####.#
#.##<# #§§
#§§......#
#.....
#§###§########
###..# ##☼§☼§☼#
#.##
#§§§§§§#### ...
#.#§§§§☼§§#
#..## #
#☼§@§§#.# #..
#.O§§§# # #..
§§§@#§☼§§§§
§§#§§§§§§##§#§§
###.#§## .#
.#☼§ # # ###


You could see Harold and a two-headed ogre (very poisoned).

Levels and vault maps discovered:
D:1:      saegor_arrival_simple_a, layout_rooms,
          shapermc_ecumenical_altar_rom_forum, minmay_surrounded
D:2:      cheibrodos_greedy_goblins, layout_loops_ring, serial_bayou,
          serial_bayou_ford_a, serial_bayou_pond_b, serial_bayou_pond_d,
          serial_bayou_lagoon_b, serial_shops, shop, shop, shop, nrook_campfire
D:3:      layout_rooms, uniq_terence
D:4:      kennysheep_six_static_rooms, layout_basic,
          nicolae_overflow_quartered_altars, temple_doors_cd, serial_rivers,
          chequers_serial_rivers_small_b, chequers_serial_rivers_micro_c,
          chequers_serial_rivers_micro_d, chequers_serial_rivers_small_a
D:5:      layout_basic, serial_shops, shop, st_stairs_1
D:6:      layout_cave_pods, uniq_maggie
D:7:      layout_basic
D:8:      layout_basic, uniq_psyche
D:9:      layout_loops_ring, uniq_maurice
D:10:     layout_loops_cross, kiku_gazebo_garden_becter,
          hangedman_decor_opposing, uniq_harold

Notes
Turn   | Place    | Note
-------+----------+-------------------------------------------
     0 | D:1      | tbh1313 the Ogre Berserker began the quest for the Orb.
     0 | D:1      | Reached XP level 1. HP: 24/24 MP: 1/1
    31 | D:1      | Reached skill level 3 in Maces & Flails
    35 | D:1      | Reached XP level 2. HP: 9/32 MP: 2/2
   277 | D:1      | Found a faded altar of an unknown god.
   286 | D:1      | Got Plato's Meditations on Heat
   464 | D:1      | Reached XP level 3. HP: 34/40 MP: 3/3
   682 | D:2      | Reached ** piety under Trog
   772 | D:2      | Found Vajaga's Weapon Shoppe.
  1011 | D:2      | Found Puoloxav's Distillery.
  1015 | D:2      | Bought a potion of heal wounds for 60 gold pieces
  1394 | D:2      | Found Ocveg's Jewellery Boutique.
  1473 | D:2      | Reached XP level 4. HP: 49/49 MP: 4/4
  1642 | D:3      | Noticed Terence
  1658 | D:3      | Killed Terence
  1659 | D:3      | Reached skill level 5 in Fighting
  1659 | D:3      | Reached skill level 4 in Maces & Flails
  1727 | D:3      | Reached XP level 5. HP: 23/57 MP: 5/5
  1730 | D:3      | HP: 8/85 [orc/+0 whip (2)]
  1961 | D:3      | Reached skill level 5 in Maces & Flails
  2139 | D:3      | Reached XP level 6. HP: 50/66 MP: 6/6
  2678 | D:4      | Reached skill level 6 in Maces & Flails
  2935 | D:4      | Noticed a black bear
  2944 | D:4      | Killed a black bear
  2945 | D:4      | Reached skill level 1 in Throwing
  2945 | D:4      | Reached skill level 1 in Armour
  2945 | D:4      | Reached XP level 7. HP: 72/72 MP: 7/7
  3067 | D:4      | Found a hide-covered altar of Uskayaw.
  3080 | D:4      | Found a radiant altar of Vehumet.
  3194 | D:4      | Found a white marble altar of Elyvilon.
  3231 | D:4      | Found a sparkling altar of Nemelex Xobeh.
  3287 | D:4      | Found a staircase to the Ecumenical Temple.
  3581 | D:5      | Entered Level 5 of the Dungeon
  3671 | D:5      | Reached skill level 7 in Maces & Flails
  3859 | D:5      | Reached XP level 8. HP: 80/80 MP: 8/8
  3916 | D:5      | Reached skill level 8 in Maces & Flails
  4609 | D:5      | Found Caustekh's Antique Armour Emporium.
  4620 | D:5      | Bought a glowing robe for 107 gold pieces
  5017 | D:6      | Noticed Maggie
  5094 | D:6      | Killed Maggie
  5095 | D:6      | Reached skill level 9 in Maces & Flails
  5095 | D:6      | Reached XP level 9. HP: 29/89 MP: 9/9
  5442 | D:6      | Reached *** piety under Trog
  6017 | D:6      | You fall into a shaft and drop 3 floors!
  6025 | D:9      | Noticed a troll
  6033 | D:9      | Killed a troll
  6039 | D:9      | Reached skill level 10 in Maces & Flails
  6091 | D:9      | Noticed Maurice
  6101 | D:9      | Maurice stole 20 poisoned darts
  6102 | D:9      | Maurice stole a ring of magical power
  6105 | D:9      | Maurice stole a +0 giant club
  6109 | D:9      | Killed Maurice
  6171 | D:9      | Reached XP level 10. HP: 68/102 MP: 10/10
  6404 | D:8      | Identified the +2 rapier of Gozag's Esteem {distort, Dex+3}
  6430 | D:8      | Noticed Psyche
  6437 | D:8      | Killed Psyche
  6438 | D:8      | Reached skill level 11 in Maces & Flails
  7755 | D:7      | Reached skill level 12 in Maces & Flails
  9755 | D:9      | Reached skill level 13 in Maces & Flails
  9839 | D:10     | Entered Level 10 of the Dungeon
  9935 | D:10     | Noticed Harold
  9938 | D:10     | Noticed a two-headed ogre
  9945 | D:10     | HP: 7/102 [Harold/+0 halberd (4)]
  9946 | D:10     | Mangled by Harold

Table legend: (Time is in decaauts)
 A = Elapsed time spent in this place.
 B = Non-inter-level travel time spent in this place.
 C = Inter-level travel time spent in this place.
 D = Time resting spent in this place.
 E = Time spent auto-exploring this place.
 F = Levels seen in this place.
 G = Mean time per level.
                   A        B        C        D        E       F      G
               +--------+--------+--------+--------+--------+-----+--------+
         Total |  10178 |   9943 |    235 |   3299 |   5266 |  10 | 1017.8 |
       Dungeon |  10178 |   9943 |    235 |   3299 |   5266 |  10 | 1017.8 |
               +--------+--------+--------+--------+--------+-----+--------+

Top non-repeatable levels by time:
     D:5: 1554 daAuts
     D:6: 1391 daAuts
     D:9: 1192 daAuts
     D:4: 1158 daAuts
     D:8: 1124 daAuts
     D:2: 1056 daAuts
     D:3: 1017 daAuts
     D:7: 947 daAuts
     D:1: 627 daAuts
    D:10: 107 daAuts

Table legend:
 A = Kills in this place as a percentage of kills in the entire game.
 B = Kills by you in this place as a percentage of kills by you in the entire game.
 C = Kills by friends in this place as a percentage of kills by friends in the entire game.
 D = Other kills in this place as a percentage of other kills in the entire game.
 E = Experience gained in this place as a percentage of experience gained in the entire game.
 F = Experience gained in this place divided by the number of levels of this place that you have seen.
                   A       B       C       D       E      F
               +-------+-------+-------+-------+-------+----------------------
         Total | 100.0 | 100.0 |   N/A | 100.0 | 100.0 | 901.5
       Dungeon | 100.0 | 100.0 |   N/A | 100.0 | 100.0 | 901.5
               +-------+-------+-------+-------+-------+----------------------

Action                     |  1- 3 |  4- 6 |  7- 9 | 10-12 || total
---------------------------+-------+-------+-------+-------++-------
  Melee: Mace              |   113 |   107 |   247 |   222 ||   689
         Punch             |       |       |     6 |     3 ||     9
  Throw: Boomerang         |       |       |     5 |       ||     5
 Invoke: Berserk           |     2 |     4 |    12 |    10 ||    28
         Trog's Hand       |       |     1 |     1 |     3 ||     5
    Use: Scroll            |     3 |     6 |     4 |     7 ||    20
   Stab: Sleeping          |       |     1 |       |       ||     1
 Armour: Animal skin       |   105 |    56 |       |       ||   161
         Robe              |       |    14 |   206 |   174 ||   394
  Dodge: Dodged            |    85 |    50 |   108 |    90 ||   333

Vanquished Creatures
  Maurice (D:9)
  Maggie (D:6)
  Psyche (D:8)
  A troll (D:9)
  2 hornets (D:8)
  6 yaks
  A vampire (D:9)
  A steam dragon (D:6)
  An acid dragon (D:9)
  2 water moccasins (D:8)
  A sky beast (D:6)
  An ice beast (D:5)
  3 orc warriors
  3 black bears
  2 ogres (D:5)
  3 phantoms
  A kobold brigand (D:9)
  2 bullfrogs
  A gnoll sergeant (D:6)
  4 scorpions
  4 wights (D:7)
  13 killer bees
  4 hounds
  8 orc priests
  A jelly (D:4)
  A gnoll bouda (D:6)
  A sleepcap (D:6)
  An iguana (D:5)
  Terence (D:3)
  6 orc wizards
  8 gnolls (D:6)
  6 adders
  A shadow imp (D:6)
  2 white imps (D:5)
  2 worms
  4 dart slugs
  21 orcs
  4 endoplasms
  3 giant cockroaches
  11 goblins
  14 hobgoblins
  3 jackals (D:5)
  6 kobolds
  2 quokkas (D:1)
  4 ball pythons
  7 bats
  9 frilled lizards
  3 rats
188 creatures vanquished.

Vanquished Creatures (others)
  An orc wizard (D:9)
1 creature vanquished.

Grand Total: 189 creatures vanquished
